 Dungeon Crawl Stone Soup version 0.27.1-3-gb3d3a73c9e (webtiles) character file.

Game seed: 18243945132838152366

303 CuBeRJAN3 the Firebug (level 6, 0/54 HPs)
             Began as a Gargoyle Fire Elementalist on Oct 8, 2021.
             Slain by an orc (3 damage)
             ... on level 5 of the Dungeon.
             The game lasted 00:15:11 (3922 turns).

CuBeRJAN3 the Firebug (Gargoyle Fire Elementalist)  Turns: 3922, Time: 00:15:11

Health: 0/54       AC:  6    Str: 11    XL:     6   Next: 38%
Magic:  7/10       EV: 11    Int: 18    God:
Gold:   149        SH:  0    Dex: 10    Spells: 0/11 levels left

rFire    . . .     SeeInvis +   i - +3 spear
rCold    . . .     Faith    .   (no shield)
rNeg     + . .     Spirit   .   a - +0 robe
rPois    ∞         Reflect  .   (no helmet)
rElec    +         Harm     .   (no cloak)
rCorr    .         Rampage  .   (no gloves)
Will     .....                  (no boots)
Stlth    ..........             (no amulet)
HPRegen  0.18/turn              k - ring of see invisible
MPRegen  0.12/turn              (no ring)

@: berserking, very quick
A: sickness immunity, AC +4, negative energy resistance 1, electricity
resistance, torment resistance 1, petrification resistance
a: no special abilities


You were on level 5 of the Dungeon.
You visited 1 branch of the dungeon, and saw 5 of its levels.

You collected 149 gold pieces.

Inventory:

Hand Weapons
 i - a +3 spear (weapon)
Armour
 a - a +0 robe (worn)
Jewellery
 k - a ring of see invisible (left hand)
Wands
 m - a wand of polymorph (5)
Scrolls
 c - a scroll of teleportation {unknown}
 h - a scroll of brand weapon {unknown}
 l - a scroll of amnesia {unknown}
 o - a scroll of immolation {unknown}
Potions
 d - a potion of curing {unknown}
 e - 2 potions of attraction
 f - a potion of ambrosia {unknown}
 g - 2 potions of degeneration {unknown}
 j - a potion of lignification {unknown}
 n - a potion of berserk rage
 p - a potion of heal wounds {unknown}


   Skills:
 * Level 2.9 Fighting
 + Level 1.0 Polearms
 - Level 1.5 Dodging
 + Level 3.2 Stealth
 * Level 3.1 Spellcasting
 + Level 2.3 Conjurations
 + Level 1.5 Hexes
 + Level 1.4 Translocations
 + Level 3.5 Fire Magic


You couldn't memorise any spells.
You knew the following spells:

 Your Spells              Type           Power      Damage    Failure   Level
a - Foxfire               Conj/Fire      52%        2x1d6     4%          1
b - Conjure Flame         Conj/Fire      13%        6-21      14%         3
c - Inner Flame           Hex/Fire       12%        N/A       17%         3
d - Sticky Flame          Conj/Fire      13%        2d4       43%         4

Your spell library contained the following spells:

 Spells                   Type           Power      Damage    Failure   Level
 Sting                    Tmut/Pois      8%         1d3       16%         1
 Poisonous Vapours        Pois/Air       4%         N/A       24%         2
 Fireball                 Conj/Fire      6%         3d5       80%         5
 Olgreb's Toxic Radiance  Pois           2%         N/A       85%         4


Dungeon Overview and Level Annotations

Branches:
Dungeon (5/15)
 Temple: D:4-7

Altars:
Makhleb
Qazlal

Annotations:
D:4 Pikel


Innate Abilities, Weirdness & Mutations

You are immune to sickness and miasma.
Your stone body is resilient. (AC +4)
You are immune to poison.
You resist negative energy. (rN+)
You are resistant to electric shocks. (rElec)
You are resistant to unholy torment.
You are immune to petrification.


Message History

The adder closely misses you.
Casting: Foxfire (safe; 4% risk of failure)
Press: ? - help, Q - select action, (/) - cycle Dir - look around, f - activate You conjure some foxfire!
The adder misses you.
The foxfire hits the adder.
The adder is moderately wounded.
The foxfire hits the adder but does no damage.
The adder is moderately wounded.
The adder bites you.
Casting: Foxfire (safe; 4% risk of failure)
Press: ? - help, Q - select action, (/) - cycle Dir - look around, f - activate You conjure some foxfire!
The adder bites you but does no damage. The ogre hits you with a +0 giant club!
Found 7 bolts.
The foxfire hits the orc.
The orc is moderately wounded.
The foxfire hits the adder.
The adder is moderately wounded.
Press: ? - help, v - describe, . - travel
Here: an ogre, wielding a +0 giant club (lightly wounded)
The floor.
Okay, then.
Casting: Foxfire (safe; 4% risk of failure)
Confirm with . or Enter, or press ? or * to list all spells.
Okay, then.
Unknown command.
Press: ? - help, v - describe, . - travel
Here: an ogre, wielding a +0 giant club (lightly wounded)
The floor.
As you read the scroll labelled ENAOTU ETAEMA, it crumbles to dust.
It is a scroll of identify.
e - 2 potions of attraction The adder barely misses you.
The ogre hits you with a +0 giant club!
* * * LOW HITPOINT WARNING * * *
The adder bites you but does no damage.
It was a potion of berserk rage.
A red film seems to cover your vision as you go berserk!
You feel yourself moving faster!
You feel mighty! The orc hits you with a +0 dagger.
You die...

#....##....# ###
#..........#...#
#.......†.<....#
#..............# .
#..............#
..#######'########
...........###...#
........O..#.....#
.......@S..'.....#
........o..#.....#
...........#.....#
....###+####.....#
...# #####.# ..
....# #.# (
.....##.##
......#..#
......##.#


You could see an ogre, an adder and an orc.

Vanquished Creatures
  An orc priest (D:4)
  A hound (D:3)
  An iguana (D:5)
  2 orc wizards (D:4)
  3 gnolls
  5 adders
  A howler monkey skeleton (D:4)
  An adder skeleton (D:4)
  2 dart slugs
  9 orcs
  6 ball pythons
  7 bats
  2 endoplasms
  5 giant cockroaches
  7 goblins
  8 hobgoblins
  A quokka (D:2)
  4 frilled lizards
  8 kobolds
  3 rats (D:1)
77 creatures vanquished.

Vanquished Creatures (others)
  201 foxfires
201 creatures vanquished.

Grand Total: 278 creatures vanquished

Notes
Turn   | Place    | Note
-------+----------+-------------------------------------------
     0 | D:1      | CuBeRJAN3 the Gargoyle Fire Elementalist began the quest
                  | for the Orb.
     0 | D:1      | Reached XP level 1. HP: 10/10 MP: 3/3
   396 | D:1      | Reached XP level 2. HP: 16/16 MP: 1/5
   622 | D:1      | Reached skill level 1 in Fighting
  1229 | D:2      | Found a faded altar of an unknown god.
  1238 | D:2      | Reached XP level 3. HP: 20/20 MP: 4/6
  1242 | D:2      | Learned a level 3 spell: Conjure Flame
  1576 | D:2      | Found a stormy altar of Qazlal.
  1678 | D:2      | Reached XP level 4. HP: 26/26 MP: 5/7
  1723 | D:2      | Learned a level 3 spell: Inner Flame
  2406 | D:3      | Found a burning altar of Makhleb.
  2609 | D:3      | Reached skill level 1 in Hexes
  2838 | D:4      | Reached skill level 1 in Translocations
  2852 | D:3      | Reached XP level 5. HP: 10/30 MP: 2/9
  3305 | D:4      | Noticed a lemure
  3305 | D:4      | Noticed a lemure
  3306 | D:4      | Noticed a lemure
  3306 | D:4      | Noticed a lemure
  3308 | D:4      | Noticed Pikel
  3368 | D:4      | Reached XP level 6. HP: 36/36 MP: 0/10
  3517 | D:4      | Learned a level 4 spell: Sticky Flame
  3846 | D:5      | Entered Level 5 of the Dungeon
  3851 | D:5      | Reached skill level 1 in Polearms
  3922 | D:5      | Slain by an orc

Illustrated notes

Levels and vault maps discovered:
D:1:      heliophobic_arrival_glass_houses, layout_basic
D:2:      layout_basic, basic_altar, dreamdust_ecumenical_altar_statues
D:3:      layout_rooms, mainiacjoe_overflow_concentric_impassable,
          chequers_garden, chequers_serial_rivers_marsh,
          minmay_misc_feat_columns
D:4:      layout_cave_pools, uniq_pikel
D:5:      minmay_clustersquares, layout_gridville, serial_shops, shop,
          kennysheep_potato

Skill      XL: |  1  2  3  4  5  6 |
---------------+-------------------+-----
Fighting       | 1 2 |  2.9
Hexes          | 1 |  1.5
Translocations | 1 |  1.4
Stealth        | 3 |  3.2
Conjurations   | 2 |  2.3
Spellcasting   | 3 |  3.1
Polearms       | 1 |  1.0
Dodging        | |  1.5
Fire Magic     | |  3.5

Action                   |  1- 3 |  4- 6 || total
-------------------------+-------+-------++-------
Melee: Unarmed           |    19 |     7 ||    26
       Spear             |       |    36 ||    36
 Cast: Foxfire           |    50 |    75 ||   125
       Inner Flame       |       |     2 ||     2
  Use: Scroll            |       |     1 ||     1
       Potion            |       |     1 ||     1
Armor: Robe              |    15 |    13 ||    28
Dodge: Dodged            |    21 |    35 ||    56
